 Dungeon Crawl Stone Soup version 0.30.1-11-g7821555f0a (webtiles) character file.

Game seed: 1338021705823452150

765 groovy9 the Cleaver (level 7, -4/62 HPs)
             Began as a Hill Orc Berserker on Jan 13, 2024.
             Was a Priest of Trog.
             Slain by an ogre
             ... wielding a +0 giant club
              (15 damage)
             ... on level 5 of the Dungeon.
             The game lasted 00:09:42 (3294 turns).

groovy9 the Cleaver (Hill Orc Berserker)            Turns: 3294, Time: 00:09:42

Health: -4/62      AC:  9    Str: 22    XL:     7   Next: 81%
Magic:  7/7        EV: 11    Int:  7    God:    Trog [***...]
Gold:   306        SH:  0    Dex: 10    Spells: 6/6 levels left

rFire   . . .        a - +0 hand axe
rCold   + . .        (no shield)
rNeg    . . .        i - +1 scale mail {rC+}
rPois   .            s - +0 helmet
rElec   .            (no cloak)
rCorr   .            (no gloves)
SInv    .            (no boots)
Will    ++...        (no amulet) Stlth
                     f - +4 ring of slaying
HPRegen 1.30/turn    g - +4 ring of slaying
MPRegen 0.10/turn

%: no passive effects
@: mighty, strong-willed, on berserk cooldown, regenerating, slowed, very slow
A: no striking features
a: Renounce Religion, Berserk, Trog's Hand


You were on level 5 of the Dungeon.
You worshipped Trog.
Trog was most pleased with you.
You visited 1 branch of the dungeon, and saw 5 of its levels.

You collected 306 gold pieces.

Inventory:

Hand Weapons
 a - a +0 hand axe (weapon)
Armour
 i - a +1 scale mail of cold resistance (worn)
 s - a +0 helmet (worn)
Jewellery
 d - a ring of flight
 f - a +4 ring of slaying (left hand)
 g - a +4 ring of slaying (right hand)
 l - a ring of see invisible
Wands
 n - a wand of mindburst (16)
Scrolls
 h - 3 scrolls of enchant armour
 j - a scroll of silence
 m - a scroll of vulnerability
 q - a scroll of enchant weapon
 r - a scroll of identify
Potions
 b - a potion of invisibility {unknown}
 c - 2 potions of curing
 e - 2 potions of might
 o - a potion of attraction {unknown}
 p - a potion of degeneration {unknown}
 t - a potion of heal wounds {unknown}


   Skills:
 + Level 5.7 Fighting
 * Level 8.1 Axes
 + Level 4.5 Armour
 + Level 3.4 Dodging


You had 6 spell levels left.
You didn't know any spells.
Your spell library was empty.

Dungeon Overview and Level Annotations

Branches:
Dungeon (5/15)
 Temple: D:4-7

Altars:
Ashenzari

Shops:
D:3 (


Message History

You kill Ijyb!
Trog accepts your kill.
The centaur shoots an arrow.
The arrow misses you.
The centaur unwields a +0 shortbow.
The centaur closely misses you. The centaur barely misses you.
Items here: ) / [ †.
You slash the centaur!
The centaur is heavily wounded.
The centaur barely misses you.
The centaur kicks you but does no damage.
The gnoll sergeant completely misses you.
You slash the centaur!
The centaur is almost dead.
The centaur closely misses you. x2
You slash the centaur!
You kill the centaur!
Trog accepts your kill. The gnoll sergeant misses you.
Your Axes skill increases to level 8!
You feel a strong urge to attack something.
You slash the centaur!
The centaur is heavily wounded.
You slash the ogre!
You are no longer berserk.
You are exhausted.
You feel yourself slow down. The ogre hits you with a +0 giant club!
The gnoll sergeant closely misses you.
The centaur wields a +0 shortbow.
The centaur shoots an arrow.
The arrow hits you.
The centaur shoots an arrow.
The arrow completely misses you.
There is an open door here.
The ogre attacks as you move away! The ogre barely misses you.
The centaur shoots an arrow.
The arrow hits you. The gnoll sergeant closely misses you.
You slash the ogre!
The ogre is almost dead.
The gnoll sergeant hits you from afar with a +0 spear!
* * * LOW HITPOINT WARNING * * *
The ogre hits you with a +0 giant club!
You die...

#. ####### #. #.....#
#. #.....# #. #.....#
#. #.)...# #. #..)..#
######.##g....##
.......@Ocg....#
#######
######.##...l..#
#...... #. ######.#
#...... #. #.# #......
####.#######.###......
.....g......g..)......
.......c.###.###......
......##O..O.# #......
..... ####..# #######


You could see an ogre, a gnoll sergeant, a centaur, an iguana and a gnoll.

Vanquished Creatures
  Edmund (D:5)
  2 ogres
  A centaur (D:5)
  A scorpion (D:5)
  A howler monkey (D:5)
  A hound (D:5)
  An iguana (D:4)
  Ijyb (D:5)
  An orc wizard (D:4)
  Terence (D:2)
  2 adders
  5 gnolls
  An ufetubus (D:5)
  2 worms
  3 dart slugs
  4 orcs (D:4)
  6 ball pythons
  10 endoplasms
  A giant cockroach (D:4)
  8 goblins
  4 hobgoblins
  6 jackals
  7 kobolds
  8 quokkas
  4 bats
  2 frilled lizards (D:1)
  9 rats
93 creatures vanquished.

Notes
Turn   | Place    | Note
-------+----------+-------------------------------------------
     0 | D:1      | groovy9 the Hill Orc Berserker began the quest for the Orb.
     0 | D:1      | Reached XP level 1. HP: 19/19 MP: 1/1
   150 | D:1      | Reached XP level 2. HP: 27/27 MP: 2/2
   898 | D:2      | Reached XP level 3. HP: 33/33 MP: 3/3
   987 | D:2      | Noticed Terence
  1007 | D:2      | Killed Terence
  1008 | D:2      | Reached skill level 5 in Axes
  1063 | D:2      | Reached ** piety under Trog
  1084 | D:2      | Reached XP level 4. HP: 33/40 MP: 4/4
  1612 | D:3      | Found Fostru's Weapon Shop.
  2265 | D:4      | Noticed an ogre
  2272 | D:4      | Killed an ogre
  2273 | D:4      | Reached skill level 6 in Axes
  2273 | D:4      | Reached XP level 5. HP: 47/47 MP: 5/5
  2381 | D:4      | Reached XP level 6. HP: 52/53 MP: 6/6
  2614 | D:4      | Reached *** piety under Trog
  2926 | D:5      | Entered Level 5 of the Dungeon
  3078 | D:5      | Found a broken altar of Ashenzari.
  3095 | D:5      | Noticed Edmund
  3108 | D:5      | Killed Edmund
  3109 | D:5      | Reached skill level 5 in Fighting
  3109 | D:5      | Reached skill level 7 in Axes
  3176 | D:5      | Reached XP level 7. HP: 61/61 MP: 7/7
  3275 | D:5      | Noticed Ijyb
  3284 | D:5      | Killed Ijyb
  3289 | D:5      | Reached skill level 8 in Axes
  3294 | D:5      | Slain by an ogre

Illustrated notes

Levels and vault maps discovered:
D:1:      onia_arrival_handbag, layout_loops_ring
D:2:      layout_loops_ring, uniq_terence
D:3:      layout_basic, serial_shops, nicolae_square_shop, kennysheep_potato
D:4:      layout_cave_pools, chequers_serial_rivers_small_b
D:5:      layout_basic, ashenzari_conservatory_becter, minmay_manual_mares,
          uniq_ijyb, uniq_edmund

Skill      XL: |  1  2  3  4  5  6  7 |
---------------+----------------------+-----
Fighting       | 4 5 |  5.7
Axes           | 5 6 7 8 |  8.1
Dodging        | 2 3 |  3.4
Armour         | 3 4 |  4.5

Action                     |  1- 3 |  4- 6 |  7- 9 || total
---------------------------+-------+-------+-------++-------
  Melee: Hand axe          |    81 |   134 |    28 ||   243
         Punch             |       |     2 |     1 ||     3
 Invoke: Berserk           |     1 |     2 |     1 ||     4
         Trog's Hand       |       |     3 |     1 ||     4
    Use: Potion            |     3 |       |     2 ||     5
         Scroll            |     2 |     7 |     1 ||    10
 Armour: Animal skin       |     7 |       |       ||     7
         Ring mail         |     6 |    29 |       ||    35
         Scale mail        |       |    17 |     7 ||    24
  Dodge: Dodged            |    34 |    76 |    24 ||   134
